TOP OF THE 1ST |
Amarillo Archdukes batting - Pitching for Trenton Stars : RHP Manuel Jimenen
|
Pitching: RHP Manuel Jimenen
|
|
Batting: LHB Michael Cook
|
0-0: Called Strike 0-1: Ball 1-1: Ball 2-1: Ball 3-1: Base on Balls
|
Batting: LHB Chris Pryor
|
0-0: SINGLE (Line Drive, 6M) Michael Cook to second
|
Batting: RHB Ron James
|
0-0: Fly out, F4 (Popup, 4)
|
Batting: RHB Dave Parker
|
0-0: Ball 1-0: Ball 2-0: Ball 3-0: Base on Balls Michael Cook to third Chris Pryor to second
|
Batting: LHB Howard Lambert
|
0-0: Called Strike 0-1: Foul Ball, location: 2F 0-2: Fly out, F6 (Popup, 5D)
|
Batting: RHB Jorge Espinosa
|
0-0: Ball 1-0: Ball 2-0: Foul Ball, location: 2F 2-1: Foul Ball, location: 2F 2-2: Ball 3-2: Strikes out swinging
|
Top of the 1st over - 0 run(s), 1 hit(s), 0 error(s), 3 left on base; Amarillo 0 - Trenton 0 |
BOTTOM OF THE 1ST |
Trenton Stars batting - Pitching for Amarillo Archdukes : RHP Bobby Lawrence
|
Pitching: RHP Bobby Lawrence
|
|
Batting: LHB Felipe Guerrero
|
0-0: Called Strike 0-1: Ball 1-1: DOUBLE (Groundball, 3L)
|
Batting: RHB Felipe Olivas
|
0-0: Ball 1-0: Called Strike 1-1: Foul Ball, location: 2F 1-2: Foul Ball, location: 2F 1-2: Foul Ball, location: 2F 1-2: Foul Ball, location: 2F 1-2: SINGLE (Flyball, 9S) Felipe Guerrero to third
|
Batting: RHB Salvador Gonzáles
|
0-0: Foul Ball, location: 2F 0-1: Fly out, F9 (Flyball, 9D) Runner from 3rd tags up, SCORES, no throw
|
Batting: LHB Jeff Gordon
|
0-0: Ball 1-0: Foul Ball, location: 2F 1-1: Foul Ball, location: 2F 1-2: Ball 2-2: Ball 3-2: SINGLE (Groundball, 4MD) (infield hit) Felipe Olivas to second
|
Batting: RHB Clancy Booker
|
0-0: 3-RUN HOME RUN (Flyball, 8LXD), Distance : 426 ft
|
Batting: LHB Ju-wei Shiu
|
0-0: SINGLE (Groundball, 34D)
|
Batting: LHB Alberto Gómez
|
0-0: Ball 1-0: Ball 2-0: Ball 3-0: Base on Balls Ju-wei Shiu to second
|
Batting: RHB Jesús Dávila
|
0-0: Swinging Strike 0-1: Ball 1-1: Foul Ball, location: 2F 1-2: Ball 2-2: Fielders Choice at 2nd, 3-6 (Groundball, 3) Ju-wei Shiu to third
|
Batting: SHB Rafael Villa
|
0-0: Ground out 3-1 (Groundball, 34S)
|
Bottom of the 1st over - 4 run(s), 5 hit(s), 0 error(s), 2 left on base; Amarillo 0 - Trenton 4 |
TOP OF THE 2ND |
Amarillo Archdukes batting - Pitching for Trenton Stars : RHP Manuel Jimenen
|
Batting: RHB Miguel Hernández
|
0-0: Ball 1-0: Swinging Strike 1-1: Ball 2-1: Foul Ball, location: 2F 2-2: Strikes out swinging
|
Batting: RHB Dong-kwan Han
|
0-0: Called Strike 0-1: Called Strike 0-2: Strikes out looking
|
Batting: RHB David Alonso
|
0-0: Ball 1-0: Swinging Strike 1-1: Swinging Strike 1-2: Strikes out looking
|
Top of the 2nd over - 0 run(s), 0 hit(s), 0 error(s), 0 left on base; Amarillo 0 - Trenton 4 |
BOTTOM OF THE 2ND |
Trenton Stars batting - Pitching for Amarillo Archdukes : RHP Bobby Lawrence
|
Batting: LHB Felipe Guerrero
|
0-0: Ball 1-0: Foul Ball, location: 2F 1-1: Swinging Strike 1-2: Ball 2-2: Strikes out looking
|
Batting: RHB Felipe Olivas
|
0-0: Ground out 5-3 (Groundball, 56S)
|
Batting: RHB Salvador Gonzáles
|
0-0: Ball 1-0: Ball 2-0: Called Strike 2-1: Foul Ball, location: 2F 2-2: DOUBLE (Flyball, 7LD)
|
Batting: LHB Jeff Gordon
|
0-0: Called Strike 0-1: 2-RUN HOME RUN (Line Drive, 7LD), Distance : 373 ft
|
Batting: RHB Clancy Booker
|
0-0: SOLO HOME RUN (Flyball, 78XD), Distance : 392 ft
|
Batting: LHB Ju-wei Shiu
|
0-0: Ball 1-0: Ball 2-0: Called Strike 2-1: Foul Ball, location: 2F 2-2: Ball 3-2: Base on Balls
|
Batting: LHB Alberto Gómez
|
0-0: Ball 1-0: Ball 2-0: Called Strike 2-1: Fly out, F3 (Popup, 23)
|
Bottom of the 2nd over - 3 run(s), 3 hit(s), 0 error(s), 1 left on base; Amarillo 0 - Trenton 7 |
TOP OF THE 3RD |
Amarillo Archdukes batting - Pitching for Trenton Stars : RHP Manuel Jimenen
|
Batting: LHB Michael Cook
|
0-0: Called Strike 0-1: Foul Ball, location: 2F 0-2: Ball 1-2: Strikes out swinging
|
Batting: LHB Chris Pryor
|
0-0: Fly out, F3 (Popup, 13)
|
Batting: RHB Ron James
|
0-0: Ball 1-0: Ball 2-0: Ball 3-0: Base on Balls
|
Batting: RHB Dave Parker
|
0-0: Ball 1-0: Called Strike 1-1: Foul Ball, location: 2F 1-2: Foul Ball, location: 2F 1-2: Foul Ball, location: 2F 1-2: 2-RUN HOME RUN (Line Drive, 78XD), Distance : 417 ft
|
Batting: LHB Howard Lambert
|
0-0: Called Strike 0-1: Ball 1-1: Ball 2-1: Foul Ball, location: 2F 2-2: Ball 3-2: Fly out, F4 (Popup, 4M)
|
Top of the 3rd over - 2 run(s), 1 hit(s), 0 error(s), 0 left on base; Amarillo 2 - Trenton 7 |
BOTTOM OF THE 3RD |
Trenton Stars batting - Pitching for Amarillo Archdukes : RHP Bobby Lawrence
|
Batting: RHB Jesús Dávila
|
0-0: Ball 1-0: Called Strike 1-1: SINGLE (Line Drive, 4MD)
|
Batting: SHB Rafael Villa
|
0-0: Ball Jesús Dávila steals 2nd base 1-0: Swinging Strike 1-1: Foul Ball, location: 2F 1-2: Strikes out swinging
|
Batting: LHB Felipe Guerrero
|
0-0: Called Strike 0-1: Swinging Strike 0-2: Ball 1-2: Fly out, F7 (Flyball, 78S)
|
Batting: RHB Felipe Olivas
|
0-0: SINGLE (Groundball, 56D) Jesús Dávila to third Runner from 3rd tries for Home, SAFE, no throw or cutoff
|
Pitching: LHP Ron Hamilton
|
|
Batting: RHB Salvador Gonzáles
|
0-0: Ball 1-0: Ball 2-0: Ball 3-0: Called Strike 3-1: Fly out, F4 (Popup, 89S)
|
Bottom of the 3rd over - 1 run(s), 2 hit(s), 0 error(s), 1 left on base; Amarillo 2 - Trenton 8 |
TOP OF THE 4TH |
Amarillo Archdukes batting - Pitching for Trenton Stars : RHP Manuel Jimenen
|
Batting: RHB Jorge Espinosa
|
0-0: Called Strike 0-1: Called Strike 0-2: Ball 1-2: Ball 2-2: Foul Ball, location: 2F 2-2: Ball 3-2: Strikes out swinging
|
Batting: RHB Miguel Hernández
|
0-0: Fly out, F9 (Flyball, 89M)
|
Batting: RHB Dong-kwan Han
|
0-0: Foul Ball, location: 2F 0-1: Called Strike 0-2: Ball 1-2: Foul Ball, location: 2F 1-2: Ball 2-2: Foul Ball, location: 2F 2-2: Ground out 6-3 (Groundball, 6M)
|
Top of the 4th over - 0 run(s), 0 hit(s), 0 error(s), 0 left on base; Amarillo 2 - Trenton 8 |
BOTTOM OF THE 4TH |
Trenton Stars batting - Pitching for Amarillo Archdukes : LHP Ron Hamilton
|
Batting: LHB Jeff Gordon
|
0-0: Foul Ball, location: 2F 0-1: Foul Ball, location: 2F 0-2: Ball 1-2: Strikes out swinging
|
Batting: RHB Clancy Booker
|
0-0: Swinging Strike 0-1: Swinging Strike 0-2: Ball 1-2: Foul Ball, location: 2F 1-2: Ground out 4-3 (Groundball, 4)
|
Batting: LHB Ju-wei Shiu
|
0-0: Ball 1-0: Called Strike 1-1: Foul Ball, location: 2F 1-2: Foul Ball, location: 2F 1-2: Foul Ball, location: 2F 1-2: DOUBLE (Flyball, 8LD)
|
Batting: LHB Alberto Gómez
|
0-0: Fly out, F6 (Popup, 56)
|
Bottom of the 4th over - 0 run(s), 1 hit(s), 0 error(s), 1 left on base; Amarillo 2 - Trenton 8 |
TOP OF THE 5TH |
Amarillo Archdukes batting - Pitching for Trenton Stars : RHP Manuel Jimenen
|
Batting: RHB David Alonso
|
0-0: Swinging Strike 0-1: Foul Ball, location: 2F 0-2: Strikes out swinging
|
Batting: LHB Michael Cook
|
0-0: Ball 1-0: Foul Ball, location: 2F 1-1: Called Strike 1-2: Foul Ball, location: 2F 1-2: Ball 2-2: Foul Ball, location: 2F 2-2: Ball 3-2: Foul Ball, location: 2F 3-2: Foul Ball, location: 2F 3-2: Foul Ball, location: 2F 3-2: Foul Ball, location: 2F 3-2: Base on Balls
|
Batting: LHB Chris Pryor
|
0-0: Foul Ball, location: 2F 0-1: Ball Michael Cook steals 2nd base 1-1: Foul Ball, location: 2F 1-2: Ground out 6-3 (Groundball, 6M) Michael Cook to third
|
Batting: RHB Ron James
|
0-0: Foul Ball, location: 2F 0-1: Ball 1-1: Ball 2-1: Ball 3-1: Base on Balls
|
Batting: RHB Dave Parker
|
0-0: Ball 1-0: Ball 2-0: Ball 3-0: Called Strike 3-1: Called Strike 3-2: SINGLE (Flyball, 9LS) Michael Cook scores Ron James to second Ron James to third
|
Pitching: LHP Michael Puckett
|
|
Batting: LHB Howard Lambert
|
0-0: Ball Pickoff Throw to First - Out!
|
Top of the 5th over - 1 run(s), 1 hit(s), 0 error(s), 0 left on base; Amarillo 3 - Trenton 8 |
BOTTOM OF THE 5TH |
Trenton Stars batting - Pitching for Amarillo Archdukes : LHP Ron Hamilton
|
Batting: RHB Jesús Dávila
|
0-0: Swinging Strike 0-1: Ball 1-1: Foul Ball, location: 2F 1-2: Fly out, F9 (Flyball, 9M)
|
Batting: SHB Rafael Villa
|
0-0: Foul Ball, location: 2F 0-1: Fly out, F8 (Flyball, 78S)
|
Batting: LHB Felipe Guerrero
|
0-0: Ball 1-0: Ball 2-0: Ball 3-0: Base on Balls
|
Batting: RHB Felipe Olivas
|
0-0: Ball 1-0: Called Strike 1-1: Foul Ball, location: 2F 1-2: Foul Ball, location: 2F 1-2: Ball 2-2: Ball 3-2: Foul Ball, location: 2F 3-2: Ground out 6-3 (Groundball, 6)
|
Bottom of the 5th over - 0 run(s), 0 hit(s), 0 error(s), 1 left on base; Amarillo 3 - Trenton 8 |
TOP OF THE 6TH |
Amarillo Archdukes batting - Pitching for Trenton Stars : LHP Michael Puckett
|
Batting: LHB Howard Lambert
|
0-0: Ball 1-0: Ball 2-0: Foul Ball, location: 2F 2-1: Foul Ball, location: 2F 2-2: Ground out 4-3 (Groundball, 4)
|
Batting: RHB Jorge Espinosa
|
0-0: Ball 1-0: Called Strike 1-1: Bunt for hit - play at first, batter OUT! 1-3
|
Batting: RHB Miguel Hernández
|
0-0: Swinging Strike 0-1: Ball 1-1: Ground out 6-3 (Groundball, 56)
|
Top of the 6th over - 0 run(s), 0 hit(s), 0 error(s), 0 left on base; Amarillo 3 - Trenton 8 |
BOTTOM OF THE 6TH |
Trenton Stars batting - Pitching for Amarillo Archdukes : LHP Ron Hamilton
|
Batting: RHB Salvador Gonzáles
|
0-0: Foul Ball, location: 2F 0-1: Called Strike 0-2: Ball 1-2: Ground out 6-3 (Groundball, 6M)
|
Batting: LHB Jeff Gordon
|
0-0: Ground out 6-3 (Groundball, 6M)
|
Batting: RHB Clancy Booker
|
0-0: Ball 1-0: Foul Ball, location: 2F 1-1: Ground out 5-3 (Groundball, 56)
|
Bottom of the 6th over - 0 run(s), 0 hit(s), 0 error(s), 0 left on base; Amarillo 3 - Trenton 8 |
TOP OF THE 7TH |
Amarillo Archdukes batting - Pitching for Trenton Stars : LHP Michael Puckett
|
Batting: RHB Dong-kwan Han
|
0-0: Ball 1-0: Ball 2-0: Ball 3-0: Foul Ball, location: 2F 3-1: Base on Balls
|
Batting: RHB David Alonso
|
0-0: Ball Dong-kwan Han steals 2nd base 1-0: Foul Ball, location: 2F 1-1: Called Strike 1-2: Ball 2-2: Foul Ball, location: 2F 2-2: Strikes out swinging
|
Batting: LHB Michael Cook
|
0-0: Foul Ball, location: 2F 0-1: Ball 1-1: Fly out, F9 (Popup, 34D)
|
Batting: LHB Chris Pryor
|
0-0: Ball 1-0: Called Strike 1-1: Ball 2-1: Ball 3-1: Ground out 4-3 (Groundball, 4M)
|
Top of the 7th over - 0 run(s), 0 hit(s), 0 error(s), 1 left on base; Amarillo 3 - Trenton 8 |
BOTTOM OF THE 7TH |
Trenton Stars batting - Pitching for Amarillo Archdukes : LHP Ron Hamilton
|
Batting: LHB Ju-wei Shiu
|
0-0: Ball 1-0: Called Strike 1-1: Ball 2-1: Called Strike 2-2: Strikes out swinging
|
Batting: LHB Alberto Gómez
|
0-0: Ball 1-0: Called Strike 1-1: Ball 2-1: Swinging Strike 2-2: Strikes out swinging
|
Batting: RHB Jesús Dávila
|
0-0: Ground out 6-3 (Groundball, 6)
|
Bottom of the 7th over - 0 run(s), 0 hit(s), 0 error(s), 0 left on base; Amarillo 3 - Trenton 8 |
TOP OF THE 8TH |
Amarillo Archdukes batting - Pitching for Trenton Stars : LHP Michael Puckett
|
Pitching: RHP Alfredo Ruíz
|
|
Batting: RHB Ron James
|
0-0: Called Strike 0-1: Called Strike 0-2: Foul Ball, location: 2F 0-2: Foul Ball, location: 2F 0-2: Ball 1-2: Ball 2-2: Ball 3-2: SINGLE (Groundball, 56D)
|
Batting: RHB Dave Parker
|
0-0: Grounds into double play, 5-4-3 (Groundball, 5L)
|
Batting: LHB Howard Lambert
|
0-0: Ball 1-0: Ball 2-0: Foul Ball, location: 2F 2-1: Ground out 3-1 (Groundball, 34)
|
Top of the 8th over - 0 run(s), 1 hit(s), 0 error(s), 0 left on base; Amarillo 3 - Trenton 8 |
BOTTOM OF THE 8TH |
Trenton Stars batting - Pitching for Amarillo Archdukes : LHP Ron Hamilton
|
Pitching: RHP Álex Serrea
|
|
Batting: SHB Rafael Villa
|
0-0: Ball 1-0: Ball 2-0: Ball 3-0: Called Strike 3-1: Swinging Strike 3-2: Fly out, F8 (Flyball, 8RD)
|
Batting: LHB Felipe Guerrero
|
0-0: Ball 1-0: Foul Ball, location: 2F 1-1: SINGLE (Groundball, 56)
|
Batting: RHB Felipe Olivas
|
0-0: Called Strike 0-1: Foul Ball, location: 2F 0-2: Ball 1-2: Strikes out looking
|
Batting: RHB Salvador Gonzáles
|
0-0: Called Strike 0-1: Ball 1-1: Ball 2-1: Ball 3-1: DOUBLE (Flyball, 8LD) Felipe Guerrero to third
|
Pinch Runner at 2nd Alonzo Medine:
|
|
Batting: LHB Jeff Gordon
|
0-0: Ball 1-0: SINGLE (Groundball, 34D) Felipe Guerrero scores Alonzo Medine to third
|
Batting: RHB Clancy Booker
|
0-0: Ball 1-0: Called Strike 1-1: Ball 2-1: Ball 3-1: Foul Ball, location: 2F 3-2: Base on Balls Jeff Gordon to second
|
Batting: LHB Ju-wei Shiu
|
0-0: Called Strike 0-1: Ball 1-1: Foul Ball, location: 2F 1-2: Foul Ball, location: 2F 1-2: Ball 2-2: Foul Ball, location: 2F 2-2: Fielders Choice at 2nd, U6 (Groundball, 6M)
|
Bottom of the 8th over - 1 run(s), 3 hit(s), 0 error(s), 3 left on base; Amarillo 3 - Trenton 9 |
TOP OF THE 9TH |
Amarillo Archdukes batting - Pitching for Trenton Stars : RHP Alfredo Ruíz
|
Now at 3B: Kenji Murayama
|
|
Now in LF: Alonzo Medine
|
|
Batting: RHB Jorge Espinosa
|
0-0: Ball 1-0: Ball 2-0: Called Strike 2-1: SINGLE (Line Drive, 9S)
|
Batting: RHB Miguel Hernández
|
0-0: Ball 1-0: Called Strike 1-1: Swinging Strike 1-2: Ball 2-2: Ball 3-2: Strikes out swinging
|
Batting: RHB Dong-kwan Han
|
0-0: Ball 1-0: Called Strike 1-1: Reached on error, E5 (Groundball, 5S) Jorge Espinosa to second
|
Batting: RHB David Alonso
|
0-0: Swinging Strike 0-1: Swinging Strike 0-2: Ball 1-2: Ball 2-2: Strikes out swinging
|
Batting: LHB Michael Cook
|
0-0: Ball 1-0: Foul Ball, location: 2F 1-1: Ball 2-1: Called Strike 2-2: Ball 3-2: Strikes out looking
|
Top of the 9th over - 0 run(s), 1 hit(s), 1 error(s), 2 left on base; Amarillo 3 - Trenton 9 |
|